 Dungeon Crawl Stone Soup version 0.31-a0-1576-ga3383bade6 (webtiles) character file.

Game seed: 726911247189142940

84 zenocrate the Sneak (level 4, 0/22 HPs)
             Began as a Vine Stalker Enchanter on Jan 5, 2024.
             Slain by an orc
             ... wielding a +0 falchion
              (6 damage)
             ... on level 2 of the Dungeon.
             The game lasted 00:02:15 (1997 turns).

zenocrate the Sneak (Vine Stalker Enchanter)        Turns: 1997, Time: 00:02:15

Health: 0/22       AC:  2    Str: 11    XL:     4   Next: 46%
Magic:  0/8        EV: 11    Int: 15    God:
Gold:   92         SH:  4    Dex: 16    Spells: 2/7 levels left

rFire   . . .        a - +1 dagger
rCold   . . .        k - +0 buckler
rNeg    . . .        b - +0 robe
rPois   +            (no helmet)
rElec   .            (no cloak)
rCorr   .            (no gloves)
SInv    .            (no boots)
Will    .....        (no amulet)
Stlth   +++          g - ring of poison resistance
HPRegen 1.03/turn    (no ring)
MPRegen 0.11/turn

%: guardian spirit
@: very slightly contaminated, invisible
A: fangs 2, regeneration 1, magic shield, antimagic bite, no potion heal 2
a: no special abilities


You were on level 2 of the Dungeon.
You visited 1 branch of the dungeon, and saw 3 of its levels.

You collected 92 gold pieces.

Inventory:

Hand Weapons
 a - a +1 dagger (weapon)
Armour
 b - a +0 robe (worn)
 k - a +0 buckler (worn)
Jewellery
 g - a ring of poison resistance (left hand)
Scrolls
 d - a scroll of torment {unknown}
 h - a scroll of fog {unknown}
 i - a scroll of identify {unknown}
 j - a scroll of noise {unknown}
Potions
 c - a potion of invisibility
 e - a potion of might {unknown}
 f - a potion of haste {unknown}


   Skills:
 + Level 1.0 Fighting
 + Level 1.8 Short Blades
 - Level 1.5 Dodging
 + Level 4.3 Stealth
 + Level 0.1 Shields
 - Level 2.1 Spellcasting
 + Level 3.5 Hexes
 + Level 1.6 Ice Magic


You had 2 spell levels left.
You knew the following spells:

 Your Spells              Type           Power      Damage    Failure   Level
a - Ensorcelled Hibernat  Hex/Ice        18%        N/A       17%         2
b - Confusing Touch       Hex            12%        N/A       22%         3

Your spell library contained the following spells:

 Spells                   Type           Power      Damage    Failure   Level
 Tukima's Dance           Hex            12%        N/A       22%         3
 Dazzling Flash           Conj/Hex       12%        N/A       43%         3
 Cause Fear               Hex            6%         N/A       58%         4
 Gell's Gravitas          Tloc           1%         N/A       67%         3
 Teleport Other           Tloc           1%         N/A       67%         3
 Anguish                  Hex/Necr       3%         N/A       83%         4
 Summon Forest            Summ/Tloc      0%         N/A       100%        5
 Dispersal                Tloc           0%         N/A       100%        6
 Eringya's Noxious Bog    Alch           0%         4d6       100%        6
 Enfeeble                 Hex            6%         N/A       100%        7
 Summon Hydra             Summ           0%         N/A       100%        7


Dungeon Overview and Level Annotations

Branches:
Dungeon (3/15)

Altars:

Shops:
D:1 [


Innate Abilities, Weirdness & Mutations

You have extremely sharp teeth.
Your natural rate of healing is unusually fast.
When hurt, damage is shared between your health and your magic reserves.
Your bite disrupts and absorbs the magic of your enemies.
Potions cannot restore your health.


Message History

Unknown command.
Unknown command.
Okay, then.
Hit: a) +1 dagger
Press: ? - help, Dir - move target, f/p - orc
Aim: an orc, wielding a +0 falchion and wearing a +0 chain mail (about 28% to evade your +1 dagger)
Okay, then.
You fade into invisibility!
The orc closely misses you.
Unknown command.
You hit the orc but do no damage. You block the orc's attack.
Unknown command.
You hit the orc but do no damage. The orc hits you with a +0 falchion.
* * * LOW HITPOINT WARNING * * *
Unknown command.
Unknown command.
You hit the orc but do no damage. Your bite misses the orc.
You block the orc's attack.
Unknown command.
You hit the orc but do no damage. The orc misses you.
Unknown command.
Press: ? - help, v - describe, . - travel
Here: an orc, wielding a +0 falchion and wearing a +0 chain mail (unable to see you)
A stone staircase leading down.
Unknown command.
You hit the orc but do no damage.
Unknown command.
You hit the orc but do no damage. You bite the orc, but do no damage.
The orc barely misses you.
Unknown command.
You barely miss the orc. The orc hits you with a +0 falchion.
* * * LOW HITPOINT WARNING * * *
Unknown command.
Unknown command.
You hit the orc but do no damage. The orc hits you but does no damage.
Unknown command.
You hit the orc. You bite the orc, but do no damage.
The orc is heavily wounded.
The orc hits you with a +0 falchion.
You die...

####### ##.....#
###############......####
........................#
#########...............##
###...###.#@........#
#.........o).####...#
#.#...######## #...# #
####.##.##### #...# ##
#...........# #...#### ##.
#.##..#####.## ##......###.#
##.##..####.#.######....##.##.##
#..##......###...........#.###.#
##.###...###.#.##.##...##.#.#
##.


You could see an orc (unable to see you).

Vanquished Creatures
  5 adders (D:2)
  A dart slug (D:1)
  An orc (D:2)
  5 bats
  6 endoplasms
  3 giant cockroaches
  5 goblins
  A quokka (D:2)
  4 ball pythons
  2 frilled lizards (D:2)
  A kobold (D:1)
  4 rats
38 creatures vanquished.

Notes
Turn   | Place    | Note
-------+----------+-------------------------------------------
     0 | D:1      | zenocrate the Vine Stalker Enchanter began the quest for
                  | the Orb.
     0 | D:1      | Reached XP level 1. HP: 9/9 MP: 4/4
    15 | D:1      | Found a faded altar of an unknown god.
    40 | D:1      | Reached skill level 1 in Short Blades
    91 | D:1      | Reached XP level 2. HP: 13/13 MP: 6/6
   146 | D:1      | Learned a level 2 spell: Ensorcelled Hibernation
   548 | D:1      | Reached skill level 4 in Stealth
   557 | D:1      | Found Luceorcho's Antique Armour Shop.
  1158 | D:2      | Reached skill level 1 in Ice Magic
  1158 | D:2      | Reached XP level 3. HP: 17/17 MP: 4/7
  1162 | D:2      | Learned a level 3 spell: Confusing Touch
  1291 | D:2      | Reached XP level 4. HP: 15/21 MP: 1/8
  1762 | D:2      | Reached skill level 1 in Fighting
  1987 | D:2      | HP: 1/22 [orc/+0 falchion (2)]
  1997 | D:2      | Slain by an orc

Illustrated notes

Levels and vault maps discovered:
D:1:      roderic_chinese_lattice_arrival, layout_basic, serial_shops,
          nicolae_shop_hallway_plus, hellmonk_ecumenical_altar_crossroads,
          nicolae_concentric_dashed_squares_mild
D:2:      layout_loops_ring
D:3:      layout_basic, good_gods_mini_temple, lemuel_zombie_altar_yredelemnul

Skill      XL: |  1  2  3  4 |
---------------+-------------+-----
Short Blades   | 1 |  1.8
Stealth        | 4 |  4.3
Ice Magic      | 1 |  1.6
Fighting       | 1 |  1.0
Dodging        | |  1.5
Shields        | |  0.1
Spellcasting   | |  2.1
Hexes          | |  3.5

Action                     |  1- 3 |  4- 6 || total
---------------------------+-------+-------++-------
  Melee: Dagger            |    55 |    51 ||   106
         Bite              |     9 |    15 ||    24
   Cast: Ensorcelled Hiber |     5 |     3 ||     8
    Use: Potion            |       |     1 ||     1
   Stab: Sleeping          |    10 |     6 ||    16
 Armour: Robe              |    29 |    30 ||    59
  Dodge: Dodged            |    24 |    30 ||    54
  Block: Buckler           |       |    11 ||    11

Table legend: (Time is in decaauts)
 A = Elapsed time spent in this place.
 B = Non-inter-level travel time spent in this place.
 C = Inter-level travel time spent in this place.
 D = Time resting spent in this place.
 E = Time spent auto-exploring this place.
 F = Levels seen in this place.
 G = Mean time per level.
                   A        B        C        D        E       F      G
               +--------+--------+--------+--------+--------+-----+--------+
         Total |   1991 |   1915 |     76 |      0 |   1562 |   3 |  663.7 |
       Dungeon |   1991 |   1915 |     76 |      0 |   1562 |   3 |  663.7 |
               +--------+--------+--------+--------+--------+-----+--------+

Top non-repeatable levels by time:
     D:1: 1099 daAuts
     D:2: 867 daAuts
     D:3: 25 daAuts
